 Dungeon Crawl Stone Soup version 0.25.1-2-g60ff931df9 (webtiles) character file.

Game seed: 5115941603203278153

42 Atelerd the Stinger (level 3, -1/23 HPs)
             Began as an Octopode Venom Mage on July 29, 2020.
             Hit by a goblin thrown by Robin (2 damage)
             ... on level 2 of the Dungeon.
             The game lasted 00:01:42 (1757 turns).

Atelerd the Stinger (Octopode Venom Mage)           Turns: 1757, Time: 00:01:43

Health: -1/23      AC:  1    Str:  7    XL:     3   Next: 56%
Magic:  2/6        EV: 13    Int: 18    God:
Gold:   48         SH:  0    Dex: 12    Spells: 2/6 levels left

rFire    . . .     SeeInvis .   d - +0 dagger
rCold    . . .     Gourm    .   (no shield)
rNeg     . . .     Faith    .   (helmet restricted)
rPois    .         Spirit   .   (no amulet)
rElec    .         Reflect  .   (no ring)
rCorr    .         Harm     .   (no ring)
MR       .....                  (no ring)
Stlth    +++.......             (no ring)
HPRegen  0.07/turn              (no ring)
MPRegen  0.10/turn              (no ring)
                                (no ring)
                                (no ring)

@: no status effects
A: almost no armour, stealthy swim, amphibious, 8 rings, constrict 8, camouflage
1, gelatinous body 1
a: no special abilities


You were on level 2 of the Dungeon.
You were hungry.

You visited 1 branch of the dungeon, and saw 2 of its levels.

You collected 48 gold pieces.

Inventory:

Hand Weapons
 d - a +0 dagger (weapon)
Missiles
 f - a throwing net (quivered)
Jewellery
 g - a cursed ring of teleportation {unknown}
Scrolls
 c - a scroll of magic mapping {unknown}
 e - a scroll of identify {unknown}
Potions
 a - 2 potions of haste {unknown}
 h - 2 potions of flight {unknown}
 i - a potion of brilliance {unknown}
Comestibles
 b - 3 rations


   Skills:
 + Level 1.0 Fighting
 + Level 2.3 Dodging
 + Level 3.2 Stealth
 + Level 2.3 Spellcasting
 + Level 1.4 Transmutations
 + Level 4.0 Poison Magic


You had 2 spell levels left.
You knew the following spells:

 Your Spells              Type           Power        Failure   Level  Hunger
a - Sting                 Tmut/Pois      ##..         6%          1    #......
b - Mephitic Cloud        Conj/Pois/Air  #.......     30%         3    ###....

Your spell library contained the following spells:

 Spells                   Type           Power        Failure   Level  Hunger
 Poisonous Vapours        Pois/Air       #.....       12%         2    ##.....
 Ignite Poison            Fire/Tmut/Pois #.......     26%         3    ###....
 Olgreb's Toxic Radiance  Pois           ###.....     32%         4    #####..


Dungeon Overview and Level Annotations

Branches:
Dungeon (2/15)

Altars:

Annotations:
D:2 Robin


Innate Abilities, Weirdness & Mutations

You cannot wear most types of armour.
You are very stealthy in the water. (Stealth+)
You are amphibious.
You can wear up to eight rings at the same time.
You can use your tentacles to constrict eight enemies at once.
Your skin changes colour to match your surroundings (Stealth+).
Your rubbery body absorbs attacks. (AC +1, EV +1)


Message History

The sting hits Robin but does no damage.
Robin looks even sicker.
The goblin hits you but does no damage.
Robin says, "A pitiful Octopus like you will never find the ORB!"
Robin roars a battlecry!
Casting: Sting (safe; 6% risk of failure)
Confirm with . or Enter, or press ? or * to list all spells.
Aiming: Sting (safe; 6% risk of failure)
Press: ? - help, Shift-Dir - straight line, f/p - Robin
Aim: Robin, wielding a +0 whip, wearing a +0 animal skin and wearing a +0 helmet (very poisoned)
The sting hits Robin but does no damage.
Robin looks even sicker.
The goblin closely misses you.
A goblin comes into view. It is wielding a +0 club.
Robin's horned helmet rattles.
You hit the goblin.
You kill the goblin!
Robin hits you with a +0 whip!
* * * LOW HITPOINT WARNING * * *
Unknown command.
Robin throws the goblin at you!
You die...

### #<# #####.#
......####
########
.>....##.#
#.g@.g.#
.........###
#.####.#
#'##..[....###.#
.#
#.##...........#
g#
#######....#####
g# #....# g#
#[...# ## #....#
#....#


You could see Robin (very poisoned) and a goblin (strong).

Vanquished Creatures
  2 worms (D:2)
  A leopard gecko (D:2)
  6 goblins
  2 hobgoblins
  3 jackals (D:2)
  4 bats
  4 frilled lizards
  8 kobolds (D:1)
  2 rats
32 creatures vanquished.

Vanquished Creatures (others)
  Jessica (D:2)
  A goblin (D:2)
2 creatures vanquished.

Grand Total: 34 creatures vanquished

Notes
Turn   | Place    | Note
-------+----------+-------------------------------------------
     0 | D:1      | Atelerd the Octopode Venom Mage began the quest for the
                  | Orb.
     0 | D:1      | Reached XP level 1. HP: 11/11 MP: 3/3
   474 | D:1      | Reached XP level 2. HP: 17/17 MP: 0/5
  1162 | D:2      | Killed Jessica
  1381 | D:2      | Reached XP level 3. HP: 19/22 MP: 6/6
  1386 | D:2      | Learned a level 3 spell: Mephitic Cloud
  1420 | D:2      | Found a faded altar of an unknown god.
  1675 | D:2      | Reached skill level 1 in Fighting
  1675 | D:2      | Reached skill level 4 in Poison Magic
  1738 | D:2      | Noticed Robin
  1756 | D:2      | HP: 1/23 [Robin/+0 whip (7)]
  1757 | D:2      | Hit by a goblin thrown by Robin

Illustrated notes

Levels and vault maps discovered:
D:1:      roderic_crop_circles_arrival_small, layout_basic
D:2:      layout_basic, lemuel_coloured_pillars_altar,
          nicolae_qazlal_general_emergency, fiery_altar_vehumet,
          chequers_ecumenical_altar_simple_redux, uniq_robin, uniq_jessica

Skill      XL: |  1  2  3 |
---------------+----------+-----
Stealth        | 3 |  3.2
Fighting       | 1 |  1.0
Poison Magic   | 4 |  4.0
Dodging        | |  2.3
Spellcasting   | |  2.3
Transmutations | |  1.4

Action                   || total
-------------------------++-------
Melee: Unarmed           ||    16
       Constrict         ||    22
       Tentacles         ||    13
       Dagger            ||    49
 Cast: Sting             ||    24
 Stab: Sleeping          ||     8
  Eat: Chunk             ||     2
Armor: Skin              ||     7
Dodge: Dodged            ||    40
